 Dungeon Crawl Stone Soup version 0.31-a0-795-g5eb97db20b (webtiles) character file.

Game seed: 10041270815232015697

39889 Maratek the Spear-Bearer (level 13, -2/116 HPs)
             Began as a Purple Draconian Fighter on Sept 18, 2023.
             Was the Champion of Fedhas.
             Succumbed to poison (dark miasma)
             ... on level 11 of the Dungeon.
             The game lasted 00:39:51 (19098 turns).

Maratek the Spear-Bearer (DrFi)                    Turns: 19098, Time: 00:39:52

Health: -2/116     AC: 14    Str: 23    XL:     13   Next: 71%
Magic:  13/13      EV: 26    Int:  8    God:    Fedhas [******]
Gold:   1298       SH:  0    Dex: 12    Spells: 12/12 levels left

rFire   . . .        e - +11 plutonium sword {Contam Stlth-}
rCold   . . .        (shield currently unavailable)
rNeg    . . .        (body armour unavailable)
rPois   .            s - +2 hat
rElec   .            (no cloak)
rCorr   .            A - +0 pair of gloves
SInv    .            g - +2 pair of boots
Will    +....        (no amulet)
Stlth   ++           n - +5 ring of evasion
HPRegen 0.39/turn    y - +5 ring of evasion
MPRegen 0.13/turn

%: no passive effects
@: lethally poisoned (-2 -> -21), slowed, very slow
A: breathe power, AC +8, unfitting armour, cold-blooded, fangs 1, horns 1,
screaming 1
a: Breathe Dispelling Energy, Renounce Religion, Wall of Briars, Grow
Ballistomycete, Overgrow, Grow Oklob


You were on level 11 of the Dungeon.
You worshipped Fedhas.
Fedhas was exalted by your worship.
You visited 2 branches of the dungeon, and saw 16 of its levels.
You also visited: Ossuary.

You collected 1298 gold pieces.

Inventory:

Hand Weapons
 e - the +11 plutonium sword (weapon) {Contam Stlth-}
   (You found it on level 4 of the Lair of Beasts)

   Contam:    It causes magical contamination when unequipped.
   Stlth-:    It makes you less stealthy.
Armour
 g - a +2 pair of boots (worn)
 s - a +2 hat (worn)
 A - a +0 pair of gloves (worn)
Jewellery
 b - a +4 ring of protection
 n - a +5 ring of evasion (left hand)
 y - a +5 ring of evasion (right hand)
 E - a +4 ring of protection
Wands
 i - a wand of roots (14)
 k - a wand of acid (12)
 o - a wand of charming (10)
 x - a wand of digging (5)
 G - a wand of polymorph (1)
Scrolls
 a - 3 scrolls of revelation
 d - a scroll of identify
 j - 3 scrolls of amnesia
 m - 2 scrolls of vulnerability
 p - 2 scrolls of fog
 u - a scroll of fear
 C - 3 scrolls of teleportation
Potions
 c - 2 potions of might
 h - a potion of enlightenment
 l - a potion of haste
 q - 2 potions of berserk rage
 w - 3 potions of brilliance
 z - a potion of magic


   Skills:
 + Level 11.5 Fighting
 + Level 5.3 Long Blades
 + Level 14.3 Polearms
 + Level 11.3 Dodging
 + Level 6.6 Stealth
 + Level 8.6 Shields
 + Level 1.8 Evocations


You had 12 spell levels left.
You didn't know any spells.
Your spell library contained the following spells:

 Spells                   Type           Power      Damage    Failure   Level
 Apportation              Tloc           0%         N/A       41%         1
 Necrotise                Necr           0%         1d4       41%         1
 Sting                    Tmut/Pois      0%         1d3       41%         1
 Summon Small Mammal      Summ           0%         N/A       41%         1
 Cigotuvi's Dreadful Rot  Necr/Pois/Air  0%         N/A       54%         2
 Ensorcelled Hibernation  Hex/Ice        0%         N/A       54%         2
 Jinxbite                 Hex            0%         N/A       54%         2
 Gell's Gravitas          Tloc           0%         N/A       78%         3
 Ozocubu's Armour         Ice            0%         N/A       78%         3
 Teleport Other           Tloc           0%         N/A       78%         3
 Tukima's Dance           Hex            0%         N/A       78%         3
 Volatile Blastmotes      Fire/Tloc      0%         2d10      78%         3
 Anguish                  Hex/Necr       0%         N/A       99%         4
 Dimensional Bullseye     Hex/Tloc       0%         N/A       99%         4
 Fulminant Prism          Conj/Hex       0%         3d5       99%         4
 Iskenderun's Mystic Bla  Conj/Tloc      0%         2d3       99%         4
 Metabolic Englaciation   Hex/Ice        0%         N/A       100%        5
 Dispersal                Tloc           0%         N/A       100%        6
 Ozocubu's Refrigeration  Ice            0%         4d7       100%        7
 Chain Lightning          Conj/Air       0%         N/A       100%        9
 Fire Storm               Conj/Fire      0%         5d1       100%        9
 Shatter                  Erth           0%         3d5*      100%        9


Dungeon Overview and Level Annotations

Branches:
Dungeon (11/15)            Temple (0/1) D:7            Lair (5/5) D:11
 Shoals (0/4) Lair:2        Snake (0/4) Lair:3          Orc (0/2) D:11
Ossuary (visited)
  Slime: Lair:4-5

Altars:
Fedhas
Okawaru
Ru
Yredelemnul
The Shining One


Innate Abilities, Weirdness & Mutations

You can breathe bolts of dispelling energy.
Your rich purple scales are hard. (AC +8)
You cannot fit into any form of body armour.
You are cold-blooded and may be slowed by cold attacks.
You have very sharp teeth.
You have a pair of small horns on your head.
You occasionally shout uncontrollably at your foes.


Message History

You are more poisoned.
The death drake bites you but does no damage.
You slash the death drake!
You bite the death drake, but do no damage.
The death drake is severely wounded.
You feel extremely sick.
The death drake bites you but does no damage.
The death drake breathes miasma at you. The foul vapour misses you.
Aiming: Breathe Dispelling Energy (2% risk of failure)
Press: ? - help, Shift-Dir - straight line, f - death drake
Aim: a death drake (water, severely wounded, catching its breath, misshapen and mutated, 41% to hit)
You breathe a bolt of dispelling energy.
The bolt of dispelling energy hits the death drake!!
The death drake is almost dead.
You are engulfed in dark miasma.
You are more poisoned.
You feel yourself slow down.
You feel extremely sick. The death drake completely misses you.
You are too injured to fight recklessly!
You are too injured to fight recklessly!
You are too injured to fight recklessly!
You are too injured to fight recklessly!
You are too injured to fight recklessly!
You slash the death drake!
You kill the death drake!
Fedhas appreciates your contribution to the ecosystem.
The cyclops returns to its original shape as it dies.
You are engulfed in dark miasma.
You are lethally poisoned!
* * * LOW HITPOINT WARNING * * *
You feel extremely sick.
You feel better.
You are engulfed in dark miasma.
You are lethally poisoned!
* * * LOW HITPOINT WARNING * * *
x2 You feel extremely sick.
You have got your breath back.
You die...
Fedhas appreciates your contribution to the ecosystem.

########.# #..... #........#
....## #.######.# #..###.
#<######.# #..#... #####
#.#....#.# #.##... ## #...#
###.##.#.# #.#...#
.###...########.##.#.# #.#...#
...'.................# #.#...#
................@....######.#....
≈≈≈≈≈≈≈≈≈≈≈≈≈≈≈≈≈≈≈..##.....[.#..
≈≈≈≈≈≈≈≈≈≈≈≈≈≈≈≈≈≈≈..##.###...#..
#################≈≈..##.####..#..
..............≈o#≈≈...........##.
..............###≈≈....#.......##
.....8.........>#≈≈..#.#.........
............).# #≈≈.##....>......
.)............≈{#≈≈..............


There were no monsters in sight!

Vanquished Creatures
  Gastronok (Lair:2)
  A fire dragon (Lair:4)
  A hydra (Lair:1)
  Erolcha (D:10)
  An ogre mage (D:11)
  A boulder beetle (Lair:3)
  3 two-headed ogres
  A fire crab (Lair:4)
  Amaemon (Lair:3)
  A death drake (D:11)
  A lindwurm (Lair:4)
  An ugly thing (D:11)
  A manticore (D:7)
  A cyclops (D:11)
  A salamander (Lair:3)
  5 black mambas
  5 elephants (Lair:4)
  An orange demon (Lair:3)
  Jeremiah (D:7)
  15 cane toads
  A rime drake (Lair:3)
  2 komodo dragons
  3 trolls
  A merfolk (Lair:2)
  5 polar bears
  5 blink frogs (Lair:1)
  6 dream sheep
  3 slime creatures (D:11)
  Sigmund (D:3)
  A shadow (D:10)
  62 yaks
  Eustachio (D:4)
  3 basilisks
  2 wyverns
  A vampire mosquito (D:9)
  A steam dragon (D:9)
  2 nagas (Lair:3)
  Edmund (D:5)
  11 water moccasins
  2 black bears
  8 orc warriors
  4 ice beasts
  An ogre (D:6)
  8 wolves
  3 centaurs
  A phantom (D:7)
  2 kobold brigands
  15 bullfrogs
  7 scorpions
  3 water moccasin zombies (Ossuary)
  A killer bee (D:7)
  7 howler monkeys
  5 electric eels
  2 jellies (D:7)
  7 orc priests
  A gnoll bouda (D:6)
  2 hounds
  5 iguanas
  12 orc wizards
  2 mummies (Ossuary)
  10 gnolls
  11 adders
  2 shadow imps (D:5)
  A white imp (D:6)
  3 adder zombies (Ossuary)
  2 dart slugs
  46 orcs
  11 bats
  7 endoplasms
  8 giant cockroaches
  8 hobgoblins
  3 jackals (D:1)
  5 quokkas
  7 ball pythons
  3 frilled lizards
  5 gnoll zombies (Ossuary)
  6 goblins
  6 hobgoblin zombies (Ossuary)
  21 kobolds
  6 kobold zombies (Ossuary)
  5 orc zombies (Ossuary)
  7 rats
437 creatures vanquished.

Vanquished Creatures (others)
  An oklob plant (D:11)
  An orc priest (D:11)
  An orc wizard (D:6)
  An orc (D:7)
4 creatures vanquished.

Grand Total: 441 creatures vanquished

Notes
Turn   | Place    | Note
-------+----------+-------------------------------------------
     0 | D:1      | Maratek the Draconian Fighter began the quest for the Orb.
     0 | D:1      | Reached XP level 1. HP: 19/19 MP: 1/1
   155 | D:1      | Reached XP level 2. HP: 26/26 MP: 2/2
   652 | D:1      | Reached XP level 3. HP: 31/31 MP: 3/3
  1076 | D:2      | Reached XP level 4. HP: 40/40 MP: 4/4
  1773 | D:3      | Reached skill level 3 in Polearms
  1980 | D:3      | Noticed Sigmund
  1988 | D:3      | Killed Sigmund
  1989 | D:3      | Reached skill level 4 in Polearms
  1989 | D:3      | Reached skill level 1 in Stealth
  1989 | D:3      | Reached XP level 5. HP: 41/46 MP: 5/5
  2052 | D:3      | Reached XP level 6. HP: 52/52 MP: 6/6
  2196 | D:4      | Noticed Eustachio
  2208 | D:4      | Killed Eustachio
  2498 | D:4      | Your scales start taking on a rich purple colour.
  2498 | D:4      | Reached XP level 7. HP: 60/60 MP: 7/7
  2777 | D:4      | Found an iron altar of Okawaru.
  2778 | D:4      | Found a blossoming altar of Fedhas.
  2779 | D:4      | Found a sacrificial altar of Ru.
  2787 | D:4      | Became a worshipper of Fedhas Madash
  2892 | D:5      | Entered Level 5 of the Dungeon
  3051 | D:5      | Reached skill level 5 in Polearms
  3283 | D:5      | Noticed Edmund
  3322 | D:5      | Killed Edmund
  3677 | D:5      | Reached * piety under Fedhas
  3874 | D:5      | Reached skill level 5 in Fighting
  3874 | D:5      | Reached XP level 8. HP: 68/68 MP: 8/8
  4415 | D:6      | Reached skill level 6 in Polearms
  4433 | D:6      | Reached skill level 5 in Dodging
  4521 | D:6      | Found a sand-covered staircase.
  4528 | Ossuary  | Entered an ossuary
  4717 | Ossuary  | Reached ** piety under Fedhas
  5018 | D:6      | Reached skill level 7 in Polearms
  5311 | D:6      | Reached skill level 5 in Shields
  5353 | D:6      | Reached XP level 9. HP: 75/75 MP: 9/9
  5928 | D:7      | Noticed Jeremiah
  5936 | D:7      | Reached *** piety under Fedhas
  5940 | D:7      | Noticed a manticore
  6052 | D:7      | Reached skill level 8 in Polearms
  6270 | D:7      | Killed a manticore
  6450 | D:7      | Found a glowing golden altar of the Shining One.
  6452 | D:7      | Noticed an angel
  6847 | D:7      | Found a basalt altar of Yredelemnul.
  6884 | D:7      | Reached skill level 9 in Polearms
  6908 | D:7      | Killed Jeremiah
  6909 | D:7      | Reached skill level 5 in Stealth
  6914 | D:7      | Reached skill level 1 in Evocations
  6914 | D:7      | Reached XP level 10. HP: 13/84 MP: 10/10
  7254 | D:7      | Found a staircase to the Ecumenical Temple.
  7703 | D:8      | Reached **** piety under Fedhas
  8289 | D:9      | Noticed a two-headed ogre
  8315 | D:9      | Killed a two-headed ogre
  8425 | D:9      | Reached skill level 10 in Polearms
  8685 | D:9      | Got a fuliginous book
  8789 | D:10     | Entered Level 10 of the Dungeon
  9262 | D:10     | Noticed Erolcha
  9274 | D:10     | Killed Erolcha
  9275 | D:10     | Reached skill level 11 in Polearms
  9275 | D:10     | Reached XP level 11. HP: 53/94 MP: 11/11
  9598 | D:10     | Reached ***** piety under Fedhas
  9823 | D:11     | Noticed a white ugly thing
  9824 | D:11     | Noticed an ogre mage
  9829 | D:11     | Noticed a two-headed ogre
 10234 | D:11     | Killed a white ugly thing
 10374 | D:11     | Noticed a two-headed ogre
 10384 | D:11     | Killed a two-headed ogre
 10425 | D:11     | Noticed an oklob plant
 10437 | D:11     | Killed a two-headed ogre
 10449 | D:11     | Found a staircase to the Lair.
 10449 | D:11     | Noticed an oklob plant
 10573 | Lair:1   | Entered Level 1 of the Lair of Beasts
 10774 | Lair:1   | Reached skill level 12 in Polearms
 11584 | Lair:1   | Gained mutation: You occasionally shout uncontrollably at
                  | your foes. [potion of mutation]
 11584 | Lair:1   | Gained mutation: You have a pair of small horns on your
                  | head. [potion of mutation]
 11584 | Lair:1   | Gained mutation: You have very sharp teeth. [potion of
                  | mutation]
 11639 | Lair:1   | Reached XP level 12. HP: 34/104 MP: 12/12
 12262 | Lair:2   | Noticed Gastronok
 12263 | Lair:2   | Noticed a five-headed hydra
 12286 | Lair:1   | Killed a five-headed hydra
 12289 | Lair:1   | Reached skill level 13 in Polearms
 12814 | Lair:2   | Killed Gastronok
 13312 | Lair:2   | Found a staircase to the Shoals.
 13575 | Lair:3   | Reached skill level 10 in Dodging
 13636 | Lair:3   | Reached ****** piety under Fedhas
 13662 | Lair:3   | Reached skill level 10 in Fighting
 13700 | Lair:3   | Noticed Amaemon
 13724 | Lair:3   | Killed Amaemon
 14132 | Lair:3   | Noticed a boulder beetle
 14167 | Lair:3   | Killed a boulder beetle
 14168 | Lair:3   | Reached skill level 14 in Polearms
 14385 | Lair:3   | Reached XP level 13. HP: 102/114 MP: 13/13
 14700 | Lair:3   | Found a staircase to the Snake Pit.
 15108 | Lair:4   | Found the +11 plutonium sword {Contam Stlth-}
 15406 | Lair:4   | Found a gate leading to a gauntlet.
 15909 | Lair:4   | Reached skill level 1 in Long Blades
 16587 | Lair:5   | Entered Level 5 of the Lair of Beasts
 16661 | Lair:4   | a skyshark changed into a fire dragon
 16661 | Lair:4   | Noticed a fire dragon
 16662 | Lair:4   | Killed a fire dragon
 17314 | Lair:4   | HP: 5/116 [death yak[a torpor snail] (12)]
 18944 | D:11     | Reached skill level 5 in Long Blades
 18973 | D:11     | Found a staircase to the Orcish Mines.
 19097 | D:11     | HP: 5/116 [poison (dark miasma)]
 19098 | D:11     | Succumbed to poison (dark miasma)

Illustrated notes

Levels and vault maps discovered:
D:1:      dpeg_arrival_round_a, layout_basic
D:2:      layout_rooms, hangedman_decor_diamond_cutter
D:3:      kennysheep_big_flooded_room, layout_loops_cross,
          kennysheep_cross_room, uniq_sigmund
D:4:      layout_basic, gammafunk_temple_overflow_forgotten, uniq_eustachio
D:5:      layout_layer_cave, uniq_edmund
D:6:      layout_loops_ring, enter_ossuary_5
D:7:      cheibrodos_fzero, layout_loops_ring, grunt_temple_overflow_holy_war,
          temple_hall, enter_bailey_7, uniq_jeremiah
D:8:      layout_gridville
D:9:      layout_roguey, lightli_fourway_metalbox
D:10:     layout_loops_ring, uniq_erolcha
D:11:     layout_basic, dpeg_oklobed_lair, erik_orc_2, fountainhead,
          minmay_radiant
Lair:1:   layout_long_grid, serial_bayou_shore_b
Lair:2:   layout_roguey, elwin_shoals_entry_rooms, grunt_megastairs_5,
          uniq_gastronok
Lair:3:   layout_regular_city, alex1729_snake_entry_snake, beast_lair_carwin_4,
          lemuel_fruit_tree, serial_bayou_shore_a, uniq_amaemon
Lair:4:   layout_roguey, gauntlet_entry_generic, cheibrodos_lair_lostbears
Lair:5:   evil_forest, layout_misc_corridors, slime_entry_1,
          serial_bayou_lake_a, infiniplex_staircase_pool_2

Skill      XL: |  1  2  3  4  5  6  7  8  9 10 11 12 13 |
---------------+----------------------------------------+-----
Dodging        | 3 4 5 6 7 8 10 11 | 11.3
Polearms       | 4 5 7 9 11 12 14 | 14.3
Fighting       | 4 5 6 8 9 10 11 | 11.5
Stealth        | 1 3 5 6 |  6.6
Shields        | 4 5 6 7 8 |  8.6
Evocations     | 1 |  1.8
Long Blades    | 5 |  5.3

Action                     |  1- 3 |  4- 6 |  7- 9 | 10-12 | 13-15 || total
---------------------------+-------+-------+-------+-------+-------++-------
  Melee: Spear             |   114 |   125 |   687 |       |       ||   926
         Trident           |     3 |       |       |   837 |   156 ||   996
         Tailslap          |    12 |    13 |    99 |   121 |    64 ||   309
         Headbutt          |       |       |       |    75 |    96 ||   171
         Bite              |       |       |       |    53 |    48 ||   101
         Triple sword      |       |       |       |       |   207 ||   207
Ability: Breathe Dispellin |       |       |     7 |     1 |     3 ||    11
  Evoke: Wand              |       |       |     6 |       |       ||     6
    Use: Scroll            |       |     3 |    15 |    13 |     4 ||    35
         Potion            |       |       |     5 |     2 |    11 ||    18
   Stab: Sleeping          |     2 |     2 |    13 |    10 |     2 ||    29
         Distracted        |       |       |     1 |     1 |       ||     2
         Invisible         |       |       |       |       |     1 ||     1
 Armour: Skin              |    34 |    37 |   180 |   210 |   244 ||   705
  Dodge: Dodged            |    48 |    60 |   331 |   680 |   693 ||  1812
  Block: Buckler           |    18 |    24 |    84 |   174 |    58 ||   358

Table legend: (Time is in decaauts)
 A = Elapsed time spent in this place.
 B = Non-inter-level travel time spent in this place.
 C = Inter-level travel time spent in this place.
 D = Time resting spent in this place.
 E = Time spent auto-exploring this place.
 F = Levels seen in this place.
 G = Mean time per level.
                   A        B        C        D        E       F      G
               +--------+--------+--------+--------+--------+-----+--------+
         Total |  18818 |  18087 |    731 |   3824 |  10824 |  17 | 1106.9 |
       Dungeon |  11265 |  10904 |    361 |   1572 |   7097 |  11 | 1024.1 |
          Lair |   7187 |   6818 |    369 |   2252 |   3514 |   5 | 1437.4 |
       Ossuary |    365 |    365 |      0 |      0 |    212 |   1 |  365.0 |
               +--------+--------+--------+--------+--------+-----+--------+

Top non-repeatable levels by time:
  Lair:4: 2770 daAuts
    D:11: 2085 daAuts
  Lair:1: 1990 daAuts
     D:5: 1548 daAuts
     D:7: 1512 daAuts
  Lair:3: 1353 daAuts
  Lair:2: 982 daAuts
    D:10: 930 daAuts
     D:1: 882 daAuts
     D:6: 827 daAuts
     D:4: 775 daAuts
     D:9: 769 daAuts
     D:8: 704 daAuts
     D:3: 693 daAuts
     D:2: 537 daAuts
